 Dungeon Crawl Stone Soup version 0.19.5 (webtiles) character file.

23053 tricornhat the Bludgeoner (level 12, -9/95 HPs)
             Began as a Demonspawn Berserker on Apr 22, 2017.
             Was a High Priest of Trog.
             Killed by divine providence
             ... invoked by a meliai
              (14 damage)
             ... on level 13 of the Dungeon.
             The game lasted 01:20:07 (16813 turns).

tricornhat the Bludgeoner (Demonspawn Berserker)   Turns: 16813, Time: 01:20:07

Health: -9/95      AC: 23    Str: 21    XL:     12   Next: 68%
Magic:  0/4        EV: 10    Int: 10    God:    Trog [*****.]
Gold:   729        SH:  0    Dex: 13    Spells: 0 memorised, 11 levels left

rFire  + . .     SeeInvis .     D - +7 great mace (antimagic)
rCold  + . .     Gourm    +     w - +0 plate armour
rNeg   . . .     Faith    .     (shield currently unavailable)
rPois  .         Spirit   +     (helmet restricted)
rElec  .         Reflect  .     n - +0 cloak
rCorr  .         Harm     .     l - +0 pair of gloves
MR     .....                    f - +0 pair of boots
Stlth  ..........               B - amulet of the gourmand
                                i - +2 ring of evasion
                                m - ring of protection from cold

@: exhausted, sanguine armour, slowed, very slow
A: antennae 2, fire resistance 1, magic shield, magic regeneration, magic link,
sanguine armour 1
a: Berserk, Trog's Hand, Brothers in Arms, Burn Spellbooks, Renounce Religion


You were on level 13 of the Dungeon.
You worshipped Trog.
Trog was extremely pleased with you.
You were hungry.

You visited 1 branch of the dungeon, and saw 13 of its levels.
You also visited: Labyrinth.

You collected 729 gold pieces.

Inventory:

Hand Weapons
 a - a +0 dire flail
 b - a +0 shortbow
 A - a +3 double sword
 D - a +7 antimagic great mace (weapon)
 P - the +4 war axe "Lainguth" {holy, Int+4, unknown}
   (You took it off a minotaur in a labyrinth)

   It has been blessed by the Shining One to cause great damage to the undead
   and demons.
   It affects your intelligence (+4).
Missiles
 J - 119 arrows
Armour
 f - a +0 pair of boots (worn)
 l - a +0 pair of gloves (worn)
 n - a +0 cloak (worn)
 w - a +0 plate armour (worn)
Jewellery
 h - an uncursed amulet of faith
 i - a +2 ring of evasion (right hand)
 m - a ring of protection from cold (left hand)
 B - an amulet of the gourmand (around neck)
 C - an uncursed ring of poison resistance
 G - an uncursed ring of resist corrosion
 Q - an uncursed ring of protection from magic {unknown}
 R - the ring "Murph" {rElec rN+, unknown}
   (You found it in a labyrinth)

   [ring of positive energy]

   It insulates you from electricity.
   It protects you from negative energy.
 T - the ring "Zugrig Dote" {EV+2 Str+3, unknown}
   (You found it in a labyrinth)

   [ring of evasion]

   It affects your evasion (+2).
   It affects your strength (+3).
 U - a +4 ring of evasion
Wands
 t - a wand of lightning (1/15)
 F - a wand of flame (6/48)
 H - a wand of iceblast (8/15)
 L - a wand of lightning (12/15)
 S - a wand of disintegration (8/24)
Scrolls
 g - 4 scrolls of brand weapon {unknown}
 j - 3 scrolls of magic mapping
 o - 4 scrolls of remove curse
 p - a scroll of fog
 q - 2 scrolls of fear
 r - a scroll of enchant armour
 y - a scroll of holy word {unknown}
 E - a scroll of recharging
 I - 2 scrolls of identify
 M - 3 scrolls of blinking {unknown}
 N - a scroll of random uselessness {unknown}
 O - 2 scrolls of teleportation
Potions
 d - 2 potions of curing
 e - a potion of mutation {unknown}
 u - 3 potions of heal wounds
 v - a potion of resistance
 x - 2 potions of magic {unknown}
 z - a potion of flight {unknown}
Comestibles
 c - 5 bread rations
 k - 5 meat rations
 s - 11 royal jellies


   Skills:
 + Level 9.1 Fighting
 * Level 15.0 Maces & Flails
 + Level 0.3 Bows
 + Level 8.2 Armour
 + Level 4.3 Dodging
 + Level 2.1 Stealth
 + Level 2.2 Evocations


You had 11 spell levels left.
You didn't know any spells.

Dungeon Overview and Level Annotations

Branches:
Dungeon (13/15)            Temple (0/1) D:4            Lair (0/6) D:8
    Orc (0/2) D:11
 Vaults: D:13-14

Altars:
Cheibriados
Elyvilon
Fedhas
Hepliaklqana
Makhleb
Okawaru
Qazlal
Sif Muna
Trog
Vehumet
Xom
Yredelemnul
Zin

Shops:
D:12 ?


Innate Abilities, Weirdness & Mutations

You have a pair of antennae on your head.
Your flesh is heat resistant. (rF+)
When hurt, damage is shared between your health and your magic reserves.
You regenerate magic rapidly.
When low on magic, you restore magic in place of health.
When seriously injured, your bleeding wounds create armour. (AC +6)


Message History

The meliai hits you but does no damage. The meliai completely misses you.
The meliai barely misses you.
The meliai stings you but does no damage.
The meliai closely misses you. The meliai barely misses you.
You feel a strong urge to attack something.
The meliai barely misses you.
The meliai stings you but does no damage.
The meliai calls upon its god to heal the meliai.
The meliai is healed somewhat.
The meliai hits you with a broad axe!
* * * LOW HITPOINT WARNING * * *
The meliai misses you.
You are too berserk!
You are too berserk!
You feel your anger subside.
You are no longer berserk.
You are exhausted.
You feel yourself slow down.
The meliai invokes the aid of its god against you.
Something smites you!
You die...

########## #.$......#
#.)......#############
#....yy..∩............
#....@.y.#############
##+####### # {{ {


You could see 3 meliai.

Vanquished Creatures
  A minotaur (Lab)
  Harold (D:10)
  2 hydras
  Erica (D:8)
  A centaur warrior (D:11)
  Nergalle (D:10)
  Urug (D:10)
  The ghost of tricornhat the Basher, a novice DsBe of Trog (D:9)
  An unseen horror (D:12)
  3 hill giants
  A manticore (D:12)
  2 ugly things
  A centaur zombie (D:12)
  Maurice (D:8)
  Joseph (D:8)
  3 gargoyles
  A freezing wraith (D:13)
  A komodo dragon (shapeshifter) (D:13)
  The ghost of eeldvark the Shooter, an amateur DrWn (D:4)
  A troll (D:12)
  2 hornets
  Prince Ribbit (D:9)
  A redback (Lab)
  2 wyverns
  Sigmund (D:2)
  A vampire (D:11)
  A shadow (D:12)
  Grum (D:11)
  6 yaks (D:10)
  3 hungry ghosts
  A steam dragon (D:9)
  2 wargs (D:10)
  A soldier ant (D:10)
  2 mottled dragons (D:12)
  3 water moccasins
  8 orc warriors
  2 sky beasts
  5 black bears
  2 eyes of draining
  4 ice beasts
  4 phantoms
  3 centaurs
  4 ogres
  4 wolves (D:9)
  A crocodile (D:8)
  2 big kobolds
  7 bullfrogs
  A water moccasin zombie (D:12)
  3 scorpions
  12 killer bees
  4 howler monkeys
  3 bullfrog zombies
  9 crimson imps
  4 centaur skeletons
  A quasit (D:10)
  8 hounds
  A jelly (D:7)
  A gnoll shaman (D:6)
  3 bullfrog skeletons
  9 orc priests
  Crazy Yiuf (D:5)
  9 orc wizards
  3 iguanas
  17 worker ants
  5 gnolls
  14 adders
  A howler monkey skeleton (D:8)
  4 shadow imps
  3 oozes
  An adder skeleton (D:7)
  2 worms
  A dart slug (D:1)
  7 leopard geckos
  42 orcs
  3 bats
  6 giant cockroaches
  4 hobgoblins
  13 jackals
  4 quokkas
  A ball python (D:2)
  4 frilled lizards
  2 gnoll zombies (D:4)
  5 goblins
  A jackal skeleton (D:5)
  16 kobolds
  A leopard gecko skeleton (D:4)
  A quokka zombie (D:5)
  6 rats
336 creatures vanquished.

Vanquished Creatures (others)
  An orc wizard (D:8)
  A quokka (D:11)
2 creatures vanquished.

Grand Total: 338 creatures vanquished

Notes
Turn   | Place    | Note
-------+----------+-------------------------------------------
     0 | D:1      | tricornhat the Demonspawn Berserker began the quest for the Orb.
     0 | D:1      | Reached XP level 1. HP: 18/18 MP: 1/1
    77 | D:1      | Gained mutation: When hurt, damage is shared between your health and your magic reserves. [demonic ancestry]
    77 | D:1      | Reached XP level 2. HP: 9/24 MP: 2/2
   442 | D:1      | Reached skill level 3 in Maces & Flails
   838 | D:2      | Reached XP level 3. HP: 10/29 MP: 3/3
  1136 | D:2      | Reached ** piety under Trog
  1189 | D:2      | Noticed Sigmund
  1201 | D:2      | Killed Sigmund
  1201 | D:2      | Reached skill level 4 in Maces & Flails
  1201 | D:2      | Reached skill level 1 in Stealth
  1201 | D:2      | Gained mutation: You have a pair of small antennae on your head. [demonic ancestry]
  1201 | D:2      | Reached XP level 4. HP: 24/37 MP: 1/4
  1201 | D:2      | Gained mutation: You have a pair of antennae on your head. [demonic ancestry]
  1201 | D:2      | Reached XP level 5. HP: 28/42 MP: 1/5
  1691 | D:3      | You fall through a shaft for 2 floors!
  1691 | D:5      | Entered Level 5 of the Dungeon
  1698 | D:5      | Noticed a phantom
  1753 | D:5      | Noticed an ice beast
  1770 | D:5      | Killed an ice beast
  1770 | D:5      | Reached skill level 5 in Maces & Flails
  1770 | D:5      | Gained mutation: Your flesh is heat resistant. (rF+) [demonic ancestry]
  1770 | D:5      | Reached XP level 6. HP: 48/48 MP: 3/6
  2057 | D:4      | Found a basalt altar of Yredelemnul.
  2133 | D:4      | Found a staircase to the Ecumenical Temple.
  2216 | D:4      | Found a snail-covered altar of Cheibriados.
  2274 | D:4      | Reached skill level 6 in Maces & Flails
  2274 | D:4      | Reached XP level 7. HP: 14/54 MP: 4/7
  2669 | D:3      | Found a blossoming altar of Fedhas.
  3278 | D:4      | Noticed eeldvark's ghost (amateur DrWn)
  3312 | D:4      | Killed eeldvark's ghost
  3456 | D:4      | Reached skill level 7 in Maces & Flails
  3496 | D:4      | Found a hazy altar of Hepliaklqana.
  3497 | D:4      | Found a shimmering altar of Xom.
  3497 | D:4      | Noticed a hell beast
  3498 | D:4      | Noticed a hell beast
  3498 | D:4      | Noticed a spectral ugly thing
  3815 | D:5      | Reached XP level 8. HP: 11/61 MP: 4/8
  4271 | D:4      | Reached *** piety under Trog
  4633 | D:5      | Found a runed door.
  4637 | D:5      | Noticed Crazy Yiuf
  4651 | D:5      | Killed Crazy Yiuf
  4651 | D:5      | Reached skill level 5 in Fighting
  5168 | D:5      | Found a radiant altar of Vehumet.
  5168 | D:5      | Found a glowing silver altar of Zin.
  5587 | D:6      | Reached skill level 8 in Maces & Flails
  5694 | D:6      | Found a basalt altar of Yredelemnul.
  6563 | D:7      | Gained mutation: You regenerate magic rapidly. [demonic ancestry]
  6563 | D:7      | Reached XP level 9. HP: 61/68 MP: 7/9
  6586 | D:7      | Reached skill level 9 in Maces & Flails
  6672 | D:7      | Found an iron altar of Okawaru.
  6732 | D:7      | Reached **** piety under Trog
  6951 | D:7      | You fall through a shaft for 3 floors!
  6951 | D:10     | Entered Level 10 of the Dungeon
  6974 | D:9      | HP: 2/69 [poisoned by a killer bee]
  7087 | D:9      | Noticed an eight-headed hydra
  7525 | D:10     | Reached skill level 1 in Evocations
  7542 | D:10     | Reached skill level 5 in Armour
  7543 | D:10     | Reached skill level 10 in Maces & Flails
  7839 | D:10     | Noticed a hill giant
  7909 | D:10     | Noticed Nergalle
  7927 | D:10     | Killed Nergalle
  7927 | D:10     | Reached XP level 10. HP: 76/76 MP: 11/11
  8060 | D:10     | Killed a hill giant
  8060 | D:10     | Reached skill level 11 in Maces & Flails
  8546 | D:10     | Noticed Harold
  8576 | D:10     | Killed Harold
  8614 | D:10     | Noticed Urug
  8635 | D:10     | Killed Urug
  9949 | D:10     | Reached skill level 12 in Maces & Flails
  9949 | D:10     | Gained mutation: When seriously injured, your bleeding wounds create armour. (AC +6) [demonic ancestry]
  9949 | D:10     | Reached XP level 11. HP: 52/84 MP: 9/12
  9963 | D:10     | Reached ***** piety under Trog
 10755 | D:8      | Noticed Joseph
 10789 | D:8      | Killed Joseph
 10797 | D:8      | Received a gift from Trog
 10993 | D:8      | Noticed Erica
 11019 | D:8      | Killed Erica
 11760 | D:7      | Found a deep blue altar of Sif Muna.
 11882 | D:8      | Found a staircase to the Lair.
 11942 | D:8      | Noticed Maurice
 11976 | D:8      | Killed Maurice
 12306 | D:9      | Found a bloodstained altar of Trog.
 12472 | D:9      | Noticed tricornhat's ghost (novice DsBe)
 12506 | D:9      | Killed tricornhat's ghost
 12515 | D:9      | Killed an eight-headed hydra
 12515 | D:9      | Reached skill level 13 in Maces & Flails
 12823 | D:9      | Found a stormy altar of Qazlal.
 13005 | D:9      | Found a burning altar of Makhleb.
 13051 | D:9      | Noticed Prince Ribbit
 13090 | D:9      | Killed Prince Ribbit
 13134 | D:9      | Received a gift from Trog
 13485 | D:11     | Noticed a four-headed hydra
 13499 | D:11     | Killed a four-headed hydra
 13512 | D:11     | Noticed Grum
 13522 | D:11     | Killed Grum
 13771 | D:11     | Noticed a centaur warrior
 13783 | D:11     | Killed a centaur warrior
 13783 | D:11     | Gained mutation: When low on magic, you restore magic in place of health. [demonic ancestry]
 13783 | D:11     | Reached XP level 12. HP: 66/94 MP: 3/13
 14263 | D:11     | Found a staircase to the Orcish Mines.
 14302 | D:11     | Found a white marble altar of Elyvilon.
 14464 | D:11     | Reached skill level 14 in Maces & Flails
 15232 | D:12     | Found Mewnom's Magic Scroll Emporium.
 16137 | D:13     | Found a labyrinth entrance.
 16146 | Lab      | Entered a labyrinth
 16669 | Lab      | Noticed a minotaur
 16673 | Lab      | Killed a minotaur
 16673 | Lab      | Reached skill level 15 in Maces & Flails
 16681 | Lab      | Got a pitted war axe {holy}
 16685 | Lab      | Got a slimy bronze ring
 16685 | Lab      | Got a smoking lead ring
 16812 | D:13     | HP: 7/142 [meliai/broad axe (7)]
 16813 | D:13     | Killed from afar by a meliai

Skill      XL: |  1  2  3  4  5  6  7  8  9 10 11 12 |
---------------+-------------------------------------+-----
Armour         | 2 3 5 6 7 8 |  8.2
Maces & Flails | 3 4 5 6 7 8 10 12 13 15 | 15.0
Dodging        | 2 3 4 |  4.3
Stealth        | 1 2 |  2.1
Fighting       | 4 5 6 7 8 9 |  9.1
Evocations     | 1 2 |  2.2
Bows           | |  0.3

Action                   |  1- 3 |  4- 6 |  7- 9 | 10-12 || total
-------------------------+-------+-------+-------+-------++-------
Melee: Mace              |   105 |   130 |   216 |       ||   451
       Flail             |       |       |   443 |   305 ||   748
       Dire flail        |       |       |       |   464 ||   464
       Great mace        |       |       |       |   258 ||   258
 Fire: Shortbow          |       |       |       |     3 ||     3
Invok: Berserk           |     1 |     1 |     4 |    15 ||    21
       Burn Spellbooks   |       |       |     1 |     4 ||     5
Evoke: Wand              |       |       |    11 |     3 ||    14
  Use: Scroll            |     5 |     4 |     7 |     8 ||    24
       Potion            |       |     2 |     1 |     8 ||    11
 Stab: Sleeping          |     2 |     2 |       |       ||     4
  Eat: Chunk             |     1 |     2 |    18 |    39 ||    60
       Beef jerky        |       |     1 |       |     4 ||     5
       Bread ration      |       |     1 |       |       ||     1
       Pizza             |       |       |     1 |       ||     1
       Fruit             |       |       |       |     7 ||     7
Armor: Animal skin       |    25 |     9 |       |       ||    34
       Scale mail        |       |    14 |    37 |       ||    51
       Chain mail        |       |       |   328 |    92 ||   420
       Plate armour      |       |       |       |   442 ||   442
Dodge: Dodged            |    92 |    90 |   398 |   411 ||   991
